 Dungeon Crawl Stone Soup version 0.30.1-4-g462c640d31 (webtiles) character file.

Game seed: 4648587222895506317

37 Babbit the Shield-Bearer (level 3, -1/33 HPs)
             Began as a Minotaur Fighter on Aug 13, 2023.
             Slain by a gnoll
             ... wielding a +0 spear
              (6 damage)
             ... on level 2 of the Dungeon.
             The game lasted 00:01:49 (733 turns).

Babbit the Shield-Bearer (Minotaur Fighter)          Turns: 733, Time: 00:01:50

Health: -1/33      AC:  7    Str: 22    XL:     3   Next: 23%
Magic:  2/2        EV:  9    Int:  5    God:
Gold:   53         SH:  4    Dex:  9    Spells: 2/2 levels left

rFire   . . .        a - +0 war axe
rCold   . . .        c - +0 buckler
rNeg    . . .        b - +0 scale mail
rPois   .            (helmet restricted)
rElec   .            (no cloak)
rCorr   .            (no gloves)
SInv    .            (no boots)
Will    .....        (no amulet) Stlth
                     (no ring)
HPRegen 0.25/turn    (no ring)
MPRegen 0.08/turn

%: no passive effects
@: no status effects
A: horns 2, retaliatory headbutt
a: no special abilities


You were on level 2 of the Dungeon.
You visited 1 branch of the dungeon, and saw 2 of its levels.

You collected 53 gold pieces.

Inventory:

Hand Weapons
 a - a +0 war axe (weapon)
Armour
 b - a +0 scale mail (worn)
 c - a +0 buckler (worn)
Potions
 d - a potion of might
 g - a potion of magic


   Skills:
 + Level 4.0 Fighting
 + Level 3.0 Axes
 + Level 4.1 Armour
 + Level 4.3 Shields


You had 2 spell levels left.
You didn't know any spells.
Your spell library was empty.

Dungeon Overview and Level Annotations

Branches:
Dungeon (2/15)

Altars:


Innate Abilities, Weirdness & Mutations

You have a pair of horns on your head.
You reflexively headbutt those who attack you in melee.


Message History

The kobold is severely wounded.
The kobold barely misses you. You block the kobold's attack.
You barely miss the kobold.
The kobold is severely wounded.
The kobold hits you but does no damage.
You closely miss the kobold. Your headbutt misses the kobold.
The kobold is severely wounded.
The kobold closely misses you.
You closely miss the kobold. You headbutt the kobold.
You kill the kobold!
You see here a +0 dagger. 3 gnolls come into view.
Found a potion of magic.
Found a stone staircase leading down.
The gnoll shouts! x3
The gnoll hits you with a +0 whip. The gnoll hits you but does no damage.
There is a stone staircase leading down here.
You hit the gnoll.
The gnoll is moderately wounded.
The gnoll closely misses you.
The gnoll hits you from afar with a +0 halberd.
You slash the gnoll!
You kill the gnoll!
The gnoll closely misses you. x2
You have reached level 3!
Your experience leads to an increase in your attributes!
Increase (S)trength, (I)ntelligence, or (D)exterity?
You feel stronger. x2
The gnoll barely misses you. You furiously retaliate!
You headbutt the gnoll.
The gnoll hits you from afar with a +0 spear.
Things that are here:
a +0 whip; a potion of magic; a gnoll corpse You barely miss the gnoll.
Your headbutt misses the gnoll.
The gnoll is heavily wounded.
The gnoll hits you from afar with a +0 spear.
The gnoll hits you with a +0 halberd!
* * * LOW HITPOINT WARNING * * *
You hit the gnoll. Your headbutt misses the gnoll.
The gnoll is severely wounded.
The gnoll hits you from afar with a +0 spear.
You die...

####...)..##
#.......####
#.#.#).....#########
#.#.#..(#...........
#.#........#########
#.########.# #.# #.#
...
######.##########
.........>@gg.....
#######.##########
...# ##..# #..# ...#
#####


You could see 2 gnolls.

Vanquished Creatures
  A gnoll (D:2)
  A dart slug (D:1)
  2 ball pythons (D:1)
  2 bats (D:1)
  4 endoplasms (D:1)
  2 giant cockroaches (D:1)
  3 hobgoblins (D:1)
  4 kobolds
  2 frilled lizards
  2 rats (D:1)
23 creatures vanquished.

Notes
Turn   | Place    | Note
-------+----------+-------------------------------------------
     0 | D:1      | Babbit the Minotaur Fighter began the quest for the Orb.
     0 | D:1      | Reached XP level 1. HP: 19/19 MP: 0/0
    46 | D:1      | Reached XP level 2. HP: 27/27 MP: 1/1
    77 | D:1      | Found a faded altar of an unknown god.
   731 | D:2      | Reached XP level 3. HP: 19/33 MP: 2/2
   733 | D:2      | Slain by a gnoll

Illustrated notes

Levels and vault maps discovered:
D:1:      psy_arrival_fountain, layout_loops_ring, ebering_ecumenical_altar_box,
          st_stairs_14, minmay_statues_item, minmay_quantized
D:2:      layout_loops_ring

Skill      XL: |  1  2 |
---------------+-------+-----
Armour         | 4 |  4.1
Fighting       | 4 |  4.0
Shields        | 4 |  4.3
Axes           | 3 |  3.0

Action                     || total
---------------------------++-------
  Melee: War axe           ||    49
         Headbutt          ||     9
    Use: Scroll            ||     3
 Armour: Scale mail        ||    22
  Dodge: Dodged            ||    20
  Block: Buckler           ||     9
